 Dungeon Crawl Stone Soup version 0.20.0-15-g7f486f2 (webtiles) character file.

79 vishdafish the Shield-Bearer (level 4, -5/29 HPs)
             Began as a Gargoyle Fighter on June 22, 2017.
             Slain by a gnoll
             ... wielding a +0 halberd
              (8 damage)
             ... on level 2 of the Dungeon.
             The game lasted 00:01:44 (1480 turns).

vishdafish the Shield-Bearer (Gargoyle Fighter)     Turns: 1480, Time: 00:01:44

Health: -5/29      AC: 10    Str: 20    XL:     4   Next: 38%
Magic:  4/4        EV:  7    Int:  9    God:
Gold:   174        SH:  9    Dex:  9    Spells: 3/3 levels left

rFire    . . .     SeeInvis .   a - +0 flail
rCold    . . .     Gourm    .   c - +0 shield
rNeg     + . .     Faith    .   b - +0 scale mail
rPois    ∞         Spirit   .   (no helmet)
rElec    +         Reflect  .   (no cloak)
rCorr    .         Harm     .   (no gloves)
MR       .....                  (no boots)
Stlth    ..........             (no amulet)
Regen    0.1/turn               (no ring)
MPRegen  0.1/turn               (no ring)

@: no status effects
A: negative energy resistance 1, electricity resistance, unbreathing,
petrification resistance, rot immunity, AC +3
a: no special abilities


You were on level 2 of the Dungeon.
You were not hungry.

You visited 1 branch of the dungeon, and saw 2 of its levels.

You collected 174 gold pieces.

Inventory:

Hand Weapons
 a - a +0 flail (weapon)
 p - a +0 arbalest
Armour
 b - a +0 scale mail (worn)
 c - a +0 shield (worn)
Jewellery
 g - a cursed ring of teleportation {unknown}
Scrolls
 e - a scroll of remove curse {unknown}
 i - 2 scrolls of teleportation {unknown}
 k - 2 scrolls of recharging {unknown}
 n - a scroll of fog {unknown}
 o - a scroll of blinking {unknown}
Potions
 d - 2 potions of might
 l - a potion of cancellation {unknown}
 m - a potion of flight {unknown}
Comestibles
 f - a bread ration
 h - 10 fruits
 j - 2 meat rations


   Skills:
 + Level 3.7 Fighting
 + Level 3.0 Maces & Flails
 + Level 3.9 Armour
 + Level 0.1 Dodging
 + Level 0.2 Stealth
 + Level 4.0 Shields


You had 3 spell levels left.
You didn't know any spells.

Dungeon Overview and Level Annotations

Branches:
Dungeon (2/15)

Altars:


Innate Abilities, Weirdness & Mutations

You are resistant to torment.
Your stone body is resilient. (AC +3)
You are immune to poison.
You resist negative energy. (rN+)
You are resistant to electric shocks. (rElec)
You can survive without breathing.
You are immune to petrification.
You are immune to rotting.


Message History

The gnoll is heavily wounded.
The gnoll barely misses you. You block the gnoll's attack. x2
You thump the gnoll!
You kill the gnoll!
Your Maces & Flails skill increases to level 3!
The gnoll hits you from afar with a halberd.
* * * LOW HITPOINT WARNING * * *
You hit the gnoll.
The gnoll is heavily wounded.
The gnoll hits you.
* * * LOW HITPOINT WARNING * * *
You block the gnoll's attack.
You hit the gnoll.
The gnoll is severely wounded.
The gnoll hits you but does no damage. You block the gnoll's attack.
The gnoll barely misses you.
Your shield and scale mail prevent you from hitting the gnoll.
The gnoll is severely wounded.
The gnoll hits you from afar with a halberd!
You die...

#. ####. ##....
...#.. .###...
....... ###.#
#####. ####......
#. #.@gg....# #.
#.######.# ##' #.#
####.# ##.. #.#
#....# ##... #.#
#.##.## ##.... #.#
#.#...####.....
#.###........'.....
#.[.......####.....
#####.##.## ##...>


You could see 2 gnolls.

Vanquished Creatures
  2 gnolls (D:2)
  2 adders (D:2)
  A worm (D:2)
  2 leopard geckos (D:2)
  2 ball pythons
  A bat (D:1)
  6 giant cockroaches
  8 goblins
  2 hobgoblins (D:1)
  A quokka (D:1)
  A frilled lizard (D:1)
  2 kobolds (D:1)
  3 rats
33 creatures vanquished.

Notes
Turn   | Place    | Note
-------+----------+-------------------------------------------
     0 | D:1      | vishdafish the Gargoyle Fighter began the quest for the Orb.
     0 | D:1      | Reached XP level 1. HP: 14/14 MP: 1/1
   122 | D:1      | Reached XP level 2. HP: 17/19 MP: 2/2
   600 | D:1      | Reached XP level 3. HP: 23/23 MP: 3/3
  1338 | D:2      | Reached XP level 4. HP: 24/28 MP: 4/4
  1399 | D:2      | Reached skill level 4 in Shields
  1480 | D:2      | Slain by a gnoll

Skill      XL: |  1  2  3  4 |
---------------+-------------+-----
Shields        | 4 |  4.0
Maces & Flails | 3 |  3.0
Fighting       | |  3.7
Armour         | |  3.9
Dodging        | |  0.1
Stealth        | |  0.2

Action                   |  1- 3 |  4- 6 || total
-------------------------+-------+-------++-------
Melee: Flail             |   145 |    19 ||   164
  Eat: Meat ration       |     1 |       ||     1
Armor: Scale mail        |    80 |     9 ||    89
Dodge: Dodged            |    39 |    10 ||    49
Block: Shield            |    69 |    11 ||    80
